 Dungeon Crawl Stone Soup version 0.30-a0-365-ge7f957f1db (webtiles) character file.

Game seed: 7487602668084991884

23 mopl the Caller (level 2, -7/14 (15) HPs)
             Began as a Tengu Summoner on Nov 16, 2022.
             Mangled by a gnoll
             ... wielding a +0 flail of draining
              (11 damage)
             ... on level 1 of the Dungeon.
             The game lasted 00:00:57 (1029 turns).

mopl the Caller (Tengu Summoner)                    Turns: 1029, Time: 00:00:58

HP:   -7/14 (15)    AC:  2    Str:  8    XL:     2   Next: 95%
MP:   4/6           EV: 12    Int: 15    God:
Gold: 60            SH:  0    Dex: 14    Spells: 3/6 levels left

rFire   . . .      SeeInvis .    c - +0 mace
rCold   . . .      Faith    .    (no shield)
rNeg    . . .      Spirit   .    a - +0 robe
rPois   .          Reflect  .    (helmet restricted)
rElec   .          Harm     .    (no cloak)
rCorr   .          Rampage  .    (no gloves)
Will    .....                    (boots unavailable)
Stlth   ++........               (no amulet)
HPRegen 0.22/turn                (no ring)
MPRegen 0.10/turn                (no ring)

@: drained
A: beak, talons 3
a: no special abilities


You were on level 1 of the Dungeon.
You visited 1 branch of the dungeon, and saw 2 of its levels.

You collected 60 gold pieces.

Inventory:

Hand Weapons
 c - a +0 mace (weapon)
Armour
 a - a +0 robe (worn)
Scrolls
 d - a scroll of acquirement {unknown}
 e - a scroll of immolation {unknown}
 f - a scroll of blinking {unknown}
 i - a scroll of teleportation {unknown}
 k - a scroll of vulnerability {unknown}
 l - 2 scrolls of identify {unknown}
Potions
 b - a potion of magic
 g - a potion of heal wounds {unknown}
 h - a potion of curing {unknown}
 j - a potion of invisibility {unknown}
 m - a potion of haste {unknown}
 n - a potion of lignification {unknown}


   Skills:
 - Level 2.1 Dodging
 - Level 2.0 Stealth
 + Level 2.6 Spellcasting
 + Level 5.3 Summonings


You had 3 spell levels left.
You knew the following spells:

 Your Spells              Type           Power      Damage    Failure   Level
a - Summon Small Mammal   Summ           72%        N/A       2%          1
b - Call Imp              Summ           18%        N/A       3%          2

Your spell library contained the following spells:

 Spells                   Type           Power      Damage    Failure   Level
 Call Canine Familiar     Summ           18%        N/A       7%          3
 Summon Guardian Golem    Hex/Summ       10%        N/A       21%         3
 Summon Lightning Spire   Summ/Air       10%        N/A       56%         4


Dungeon Overview and Level Annotations

Branches:
Dungeon (2/15)

Altars:


Innate Abilities, Weirdness & Mutations

You have a beak for a mouth.
You have claws for feet.


Message History

The quokka bites you but does no damage.
You miss the quokka. Your kick misses the quokka.
The quokka is moderately wounded.
The quokka bites you.
You hit the quokka.
You kill the quokka!
No target in view!
No target in view!
No target in view!
No target in view!
No target in view!
No target in view!
No target in view!
No target in view!
No target in view!
HP restored.
l - 2 scrolls labelled QEPNEA SEMUC (gained 1) 3 gnolls come into view.
A gnoll is wielding a +0 flail of draining.
There are monsters nearby!
The gnoll shouts! x3; You hear a shout!
Things that are here:
a +0 dagger; a quokka corpse
There is a stone staircase leading up here.
The gnoll hits you with a +0 flail of draining!
Ouch! That really hurt!
You feel drained.
* * * LOW HITPOINT WARNING * * *
You climb upwards.
There is a stone staircase leading down here.
Casting: Summon Small Mammal (safe; 2% risk of failure)
Confirm with . or Enter, or press ? or * to list all spells.
A beastly little devil appears in a puff of frigid air.
The gnoll misses you.
Your white imp gestures at the gnoll.
The puff of frost hits the gnoll.
The gnoll attacks as you move away!
The gnoll hits you with a +0 flail of draining!
Ouch! That really hurt!
You die...

.##........................##
.##.........................#
.##....................#.#.##
............................#
...........###......#>##.#.##
.##....##..#..........##.#.#
...........#.#...#....##.#.#
###...................##.#.#
................@g>......#.##
.......##..#.......5........#
##.......................#.##
##.........#...#.#...##..#.#
##..#.##.#.#...#.#...##..#.#
...............#.#...##..#.#
##.##.##.#.....#.#...##..#.#
#.##.##.#.................#
##.......#....##.#.........#


You could see a gnoll (ally target) and a friendly white imp (summoned).

Vanquished Creatures
  A dart slug (D:1)
  A ball python (D:1)
  A bat (D:1)
  2 giant cockroaches (D:1)
  2 goblins (D:1)
  2 hobgoblins (D:1)
  2 kobolds
  2 quokkas
  3 rats
16 creatures vanquished.

Vanquished Creatures (collateral kills)
  A bat (D:1)
1 creature vanquished.

Grand Total: 17 creatures vanquished

Notes
Turn   | Place    | Note
-------+----------+-------------------------------------------
     0 | D:1      | mopl the Tengu Summoner began the quest for the Orb.
     0 | D:1      | Reached XP level 1. HP: 10/10 MP: 4/4
     0 | D:1      | Noticed a dwarf
     0 | D:1      | Noticed a demigod
     1 | D:1      | Noticed a formicid
     7 | D:1      | Noticed a tengu
    11 | D:1      | Noticed a human
    13 | D:1      | Noticed a tengu
    15 | D:1      | Noticed a demonspawn
    17 | D:1      | Noticed a dwarf
    17 | D:1      | Noticed an ogre
    19 | D:1      | Noticed a demigod
    19 | D:1      | Noticed a dwarf
    21 | D:1      | Noticed a troll
    95 | D:1      | Reached skill level 5 in Summonings
   148 | D:1      | Reached XP level 2. HP: 15/15 MP: 6/6
   167 | D:1      | Learned a level 2 spell: Call Imp
  1029 | D:1      | Mangled by a gnoll

Illustrated notes

Levels and vault maps discovered:
D:1:      shiori_arrival_whats_in_store_for_you, layout_basic
D:2:      layout_basic, kennysheep_generic_room_14

Skill      XL: |  1 |
---------------+----+-----
Summonings     | 5 |  5.3
Dodging        | |  2.1
Stealth        | |  2.0
Spellcasting   | |  2.6

Action                   || total
-------------------------++-------
Melee: Mace              ||    39
       Unarmed           ||     5
       Kick              ||     6
       Peck              ||     3
 Cast: Summon Small Mamm ||     1
       Call Imp          ||     1
 Stab: Sleeping          ||     4
Armor: Robe              ||    21
Dodge: Dodged            ||    30

Table legend: (Time is in decaauts)
 A = Elapsed time spent in this place.
 B = Non-inter-level travel time spent in this place.
 C = Inter-level travel time spent in this place.
 D = Time resting spent in this place.
 E = Time spent auto-exploring this place.
 F = Levels seen in this place.
 G = Mean time per level.
                   A        B        C        D        E       F      G
               +--------+--------+--------+--------+--------+-----+--------+
         Total |   1044 |   1026 |     18 |      0 |    844 |   2 |  522.0 |
       Dungeon |   1044 |   1026 |     18 |      0 |    844 |   2 |  522.0 |
               +--------+--------+--------+--------+--------+-----+--------+

Top non-repeatable levels by time:
     D:1: 901 daAuts
     D:2: 142 daAuts
